 Dungeon Crawl Stone Soup version 0.18.1-48-g4cf74bf (webtiles) character file.

1304 raph the Grave Robber (level 8, -9/68 HPs)
             Began as a Deep Dwarf Necromancer on Sept 3, 2016.
             Was a Follower of Makhleb.
             Killed by divine providence
             ... invoked by an orc priest
              (14 damage)
             ... on level 7 of the Dungeon on Sept 4, 2016.
             The game lasted 00:27:28 (8305 turns).

raph the Grave Robber (Deep Dwarf Necromancer)      Turns: 8305, Time: 00:27:30

Health: -9/68      AC:  5    Str: 14    XL:     8   Next: 31%
Magic:  12/13      EV: 14    Int: 17    God:    Makhleb [*.....]
Gold:   243        SH:  0    Dex: 14    Spells: 5 memorised, 1 level left

rFire  . . .     SeeInvis .     C - +1 long sword (pain)
rCold  . . .     Gourm    .     a - +0 robe
rNeg   . . .     Faith    .     (no shield)
rPois  .         Spirit   .     q - +1 helmet
rElec  .         Dismiss  .     v - +0 cloak {+Inv}
rCorr  .         Reflect  .     (no gloves)
SustAt .         Harm     .     (no boots)
MR     +....                    (no amulet)
Stlth  ++........               (no ring)
                                z - +2 ring of strength

@: non-regenerating, somewhat resistant to hostile enchantments, unstealthy
A: damage resistance, recharge devices, sense surroundings 1, slow regeneration
3
a: Device Recharging, Renounce Religion, Evoke Invisibility


You were on level 7 of the Dungeon.
You worshipped Makhleb.
Makhleb was aware of your devotion.
You were not hungry.

You visited 2 branches of the dungeon, and saw 8 of its levels.
You also visited: Sewer.

You collected 243 gold pieces.

Inventory:

Hand Weapons
 e - a +0 whip
 h - a +1 mace of protection
 C - a +1 long sword of pain (weapon)
Armour
 a - a +0 robe (worn)
 q - a +1 helmet (worn)
 v - a +0 cloak of invisibility (worn)
Jewellery
 i - an uncursed amulet of magic regeneration {unknown}
 z - a +2 ring of strength (left hand)
Wands
 c - a wand of heal wounds (4/9)
 n - a wand of flame (34/48)
 u - a wand of lightning (6/15)
 y - a wand of flame (7/48)
 B - a wand of enslavement (14/24)
Scrolls
 k - 3 scrolls of remove curse
 m - 3 scrolls of teleportation
 o - a scroll of fog {unknown}
 A - a scroll of amnesia {unknown}
Potions
 f - 4 potions of agility
 j - a potion of invisibility
 p - a potion of degeneration {unknown}
 r - a potion of berserk rage {unknown}
 s - 3 potions of haste
 t - a potion of magic
 w - 6 potions of curing
Books
 b - a book of Necromancy

   Spells                             Type                      Level
   a - Pain                           Necromancy                   1
   b - Animate Skeleton               Necromancy                   1
   c - Vampiric Draining              Necromancy                   3
   d - Regeneration                   Charms/Necromancy            3
   e - Animate Dead                   Necromancy                   4
   f - Control Undead                 Necromancy                   4
 l - a book of Maledictions

   Spells                             Type                      Level
   a - Corona                         Hexes                        1
   b - Ensorcelled Hibernation        Hexes/Ice                    2
   c - Confuse                        Hexes                        3
   d - Tukima's Dance                 Hexes                        3
   e - Dazzling Spray                 Conjuration/Hexes            3
Comestibles
 d - 3 bread rations
 g - 3 meat rations
 x - 2 fruits
 D - 2 chunks of flesh


   Skills:
 + Level 2.5 Fighting
 * Level 1.2 Long Blades
 - Level 3.0 Maces & Flails
 + Level 4.6 Dodging
 - Level 2.6 Stealth
 + Level 3.8 Spellcasting
 * Level 7.5 Necromancy
 + Level 2.3 Invocations
 + Level 4.1 Evocations


You had one spell level left.
You knew the following spells:

 Your Spells              Type           Power        Failure   Level  Hunger
a - Pain                  Necr           ####         1%          1    None
b - Animate Skeleton      Necr           N/A          1%          1    None
c - Vampiric Draining     Necr           ####......   1%          3    ###....
d - Control Undead        Necr           ####......   10%         4    ####...
e - Animate Dead          Necr           N/A          10%         4    ####...


Dungeon Overview and Level Annotations

Branches:
Dungeon (7/15)             Temple (1/1) D:4

Altars:
Ashenzari
Cheibriados
Dithmenos
Elyvilon
Fedhas
Gozag
Makhleb
Nemelex Xobeh
Okawaru
Pakellas
Qazlal
Ru
Sif Muna
Xom
Yredelemnul
The Shining One

Annotations:
D:5 Menkaure
D:6 Pikel


Innate Abilities, Weirdness & Mutations

You are resistant to damage.
You can recharge devices by infusing magical energy.
You passively map a small area around you.
You do not regenerate naturally.


Message History

A wight comes into view. It is wielding a flail.
Evoke which item? (* to show all) (? for menu, Esc to quit)
Zapping:
c - a wand of heal wounds (6/9)
Press: ? - help, Shift-Dir - straight line, f - you, p - wight You feel much better.
This wand has 5 charges left.
The orc warrior hits you with a battleaxe!!
* * * LOW HITPOINT WARNING * * *
The orc priest casts a cantrip, but nothing happens.
A wight comes into view. It is wielding a falchion.
Evoke which item? (* to show all) (? for menu, Esc to quit)
Zapping:
c - a wand of heal wounds (5/9)
Press: ? - help, Shift-Dir - straight line, f - you You feel much better.
This wand has 4 charges left.
The wight hits you with a short sword.
* * * LOW HITPOINT WARNING * * *
The orc warrior hits you with a battleaxe!
* * * LOW HITPOINT WARNING * * *
The orc priest mumbles some strange prayers to Beogh against you.
Beogh smites you!
You die...

..........###.......#
#.#.#..#.#
.......[...........## ##.#.#..#
#########.#############.......#
#.#...###.........##.## *
#.#....##.####....##.# *
#########.#.#..##.# #....##.#
,* +...........#.....#
#.......# ,
###....##.###.##########'####
#....##.....oo@zzz..zz. ****
#....#######o########..,,, ,, ,
#....# #'# ** , #....# .o * *
#....# #.., * , #....# #.. ,
###....# #.. , , .....### #..
.....# ,,


You could see an orc warrior, 5 wights, an orc priest and an orc wizard.

Vanquished Creatures
  Eustachio (D:5)
  2 orc warriors
  4 slaves
  An ogre (D:7)
  A centaur (D:7)
  A big kobold (D:7)
  3 giant frogs
  A howler monkey (D:6)
  2 crimson imps
  A centaur zombie (D:5)
  Crazy Yiuf (D:3)
  A hound (D:7)
  An orc priest (D:5)
  2 iguanas
  A worker ant (D:6)
  Robin (D:3)
  10 adders
  2 oozes
  An adder skeleton (D:6)
  An adder zombie (D:5)
  6 worms
  A dart slug (D:2)
  A giant gecko (D:5)
  12 orcs
  3 ball pythons
  3 giant cockroaches
  16 goblins
  16 hobgoblins
  9 jackals
  2 quokkas
  11 bats
  5 giant newts
  A goblin zombie (D:6)
  16 kobolds
  A quokka skeleton (D:7)
  A quokka zombie (D:5)
  3 rats
  A rat zombie (D:6)
  2 plants (Sewer)
148 creatures vanquished.

Vanquished Creatures (collateral kills)
  An adder (D:2)
  A ball python (D:1)
  2 giant cockroaches
  2 bats
  A giant gecko skeleton (D:5)
  A rat (D:1)
  A plant (Sewer)
9 creatures vanquished.

Vanquished Creatures (others)
  A plant (Sewer)
1 creature vanquished.

Grand Total: 158 creatures vanquished

Notes
Turn   | Place    | Note
--------------------------------------------------------------
     0 | D:1      | raph the Deep Dwarf Necromancer began the quest for the Orb.
     0 | D:1      | Reached XP level 1. HP: 15/15 MP: 3/3
    12 | D:1      | Learned a level 1 spell: Animate Skeleton
   214 | D:1      | Reached XP level 2. HP: 13/22 MP: 1/4
   976 | D:1      | Reached skill level 5 in Necromancy
  1232 | D:2      | Reached XP level 3. HP: 14/28 MP: 4/6
  1237 | D:2      | Learned a level 3 spell: Vampiric Draining
  2041 | D:2      | Reached XP level 4. HP: 32/36 MP: 2/7
  2137 | D:3      | Noticed Robin
  2221 | D:3      | Killed Robin
  2599 | D:3      | Found a glowing drain.
  2606 | Sewer    | Entered a sewer
  2769 | Sewer    | Reached XP level 5. HP: 26/42 MP: 1/9
  3068 | Sewer    | Noticed Elystan's ghost (amateur KoAM)
  3194 | D:3      | Learned a level 4 spell: Control Undead
  3471 | D:3      | Found an opulent altar of Gozag.
  3651 | D:3      | Noticed Crazy Yiuf
  3658 | D:3      | Killed Crazy Yiuf
  4681 | D:4      | Found a staircase to the Ecumenical Temple.
  4689 | Temple   | Entered the Ecumenical Temple
  4952 | D:5      | Entered Level 5 of the Dungeon
  4982 | D:5      | Noticed Eustachio
  4991 | D:5      | Killed Eustachio
  4991 | D:5      | Reached skill level 1 in Fighting
  4991 | D:5      | Reached skill level 1 in Maces & Flails
  4991 | D:5      | Reached skill level 6 in Necromancy
  4991 | D:5      | Reached XP level 6. HP: 47/51 MP: 1/10
  5403 | D:5      | Noticed Menkaure
  6046 | D:5      | Found a shadowy altar of Dithmenos.
  6047 | D:5      | Found a burning altar of Makhleb.
  6061 | D:5      | Became a worshipper of Makhleb the Destroyer
  6147 | D:6      | Found a sand-covered staircase.
  6382 | D:6      | Noticed an orc warrior
  6406 | D:6      | Killed an orc warrior
  6406 | D:6      | Reached skill level 1 in Invocations
  6406 | D:6      | Reached XP level 7. HP: 27/58 MP: 0/12
  6417 | D:6      | HP: 1/58 [iguana (12)]
  6591 | D:6      | Found a glowing golden altar of the Shining One.
  7231 | D:6      | Noticed Pikel
  7648 | D:7      | Reached skill level 7 in Necromancy
  7665 | D:7      | Noticed a hungry ghost
  7686 | D:7      | Noticed a hill giant
  7838 | D:7      | Learned a level 4 spell: Animate Dead
  7843 | D:7      | Reached * piety under Makhleb
  7843 | D:7      | Reached XP level 8. HP: 57/67 MP: 9/13
  8191 | D:7      | Reached skill level 1 in Long Blades
  8304 | D:7      | HP: 3/68 [orc warrior/battleaxe (26)]
  8305 | D:7      | Killed from afar by an orc priest

Skill      XL: |  1  2  3  4  5  6  7  8 |
---------------+-------------------------+-----
Spellcasting   | 2 3 |  3.8
Necromancy     | 5 6 7 |  7.5
Dodging        | 3 4 |  4.6
Fighting       | 1 2 |  2.5
Maces & Flails | 1 2 3 |  3.0
Evocations     | 2 3 4 |  4.1
Invocations    | 1 2 |  2.3
Long Blades    | 1 |  1.2
Stealth        | |  2.6

Action                   |  1- 3 |  4- 6 |  7- 9 || total
-------------------------+-------+-------+-------++-------
Melee: Whip              |     9 |       |       ||     9
       Unarmed           |     1 |       |       ||     1
       Mace              |     4 |   217 |    66 ||   287
       Long sword        |       |       |    18 ||    18
 Cast: Pain              |    57 |   104 |    66 ||   227
       Animate Skeleton  |    19 |    25 |     7 ||    51
       Vampiric Draining |     7 |    24 |    22 ||    53
       Control Undead    |       |     5 |     3 ||     8
 Abil: Evoke Invisibilit |       |       |     1 ||     1
Evoke: Wand              |       |       |     7 ||     7
  Use: Scroll            |       |    11 |       ||    11
 Stab: Sleeping          |       |       |     2 ||     2
  Eat: Chunk             |     6 |    16 |     7 ||    29
       Royal jelly       |       |     1 |       ||     1
       Meat ration       |       |       |     2 ||     2
       Beef jerky        |       |       |     1 ||     1
       Fruit             |       |       |     1 ||     1
Armor: Robe              |    16 |    63 |    52 ||   131
Dodge: Dodged            |    24 |   132 |   113 ||   269
